| TOP OF THE 1ST |
|
Knoxville Blue Jays batting - Pitching for Charlotte Hornets : RHP Timothy Kammeyer
|
|
Pitching: RHP Timothy Kammeyer
|
|
|
Batting: RHB Alex Taveras
|
0-0: Ball 1-0: Called Strike 1-1: Ball 2-1: Swinging Strike 2-2: Foul Ball, location: 2F 2-2: Ball 3-2: Base on Balls
|
|
Batting: RHB Jose Canseco
|
0-0: Ball 1-0: SINGLE (Line Drive, 9S, EV 98.8 MPH) Alex Taveras to second
|
|
Batting: RHB Jason Adams
|
0-0: Fly out, F8 (Flyball, 78D, EV 89.4 MPH) Runner from 2nd tags up, SAFE at 3rd with throw by CF
|
|
Batting: RHB Fritzie Connally
|
0-0: Ball 1-0: Called Strike 1-1: Ball 2-1: Ball 3-1: Base on Balls Jose Canseco to second
|
|
Batting: RHB Miguel Rodriguez
|
0-0: Called Strike 0-1: Called Strike 0-2: Fly out, F8 (Flyball, 78M, EV 83.8 MPH) Runner from 3rd tags up, SCORES, throw by CF
|
|
Batting: RHB Alex Villalobos
|
0-0: Ball 1-0: Called Strike 1-1: Ground out 1-3 (Groundball, 15S, EV 70.0 MPH)
|
| Top of the 1st over - 1 run, 1 hit, 0 errors, 2 left on base; Knoxville 1 - Charlotte 0 |
| BOTTOM OF THE 1ST |
|
Charlotte Hornets batting - Pitching for Knoxville Blue Jays : RHP Randy Bockus
|
|
Pitching: RHP Randy Bockus
|
|
|
Batting: RHB Charles Stafford
|
0-0: Called Strike 0-1: Ball 1-1: Ball 2-1: SINGLE (Groundball, 6S, EV 70.6 MPH) (infield hit)
|
|
Batting: RHB Juan Bonilla
|
0-0: Ball 1-0: Called Strike 1-1: Ball 2-1: Swinging Strike 2-2: Fly out, F8 (Flyball, 8LD, EV 103.8 MPH)
|
|
Batting: RHB Ron Johnson
|
0-0: Ball 1-0: Ball 2-0: Foul Ball, location: 2F 2-1: Called Strike 2-2: Foul Ball, location: 2F 2-2: Ball 3-2: Base on Balls Charles Stafford to second
|
|
Batting: RHB Tom Romano
|
0-0: Ball 1-0: Foul Ball, location: 2F 1-1: Foul Ball, location: 2F 1-2: Fielders Choice at 2nd, 6-4 (Groundball, 6, EV 86.9 MPH) Charles Stafford to third
|
|
Batting: RHB Alvaro Espinoza
|
0-0: Swinging Strike 0-1: Called Strike 0-2: Ball 1-2: Strikes out swinging
|
| Bottom of the 1st over - 0 runs, 1 hit, 0 errors, 2 left on base; Knoxville 1 - Charlotte 0 |
| TOP OF THE 2ND |
|
Knoxville Blue Jays batting - Pitching for Charlotte Hornets : RHP Timothy Kammeyer
|
|
Batting: SHB Butch Wynegar
|
0-0: Ball 1-0: Ball 2-0: Fly out, F6 (Popup, 6MS, EV 78.1 MPH)
|
|
Batting: RHB Eugene Pallavicini
|
0-0: Ball 1-0: Fly out, F3 (Popup, 3S, EV 73.8 MPH)
|
|
Batting: RHB Jerry Royster
|
0-0: Ball 1-0: Foul Ball, location: 2F 1-1: Ball 2-1: SINGLE (Flyball, 5D, EV 96.3 MPH)
|
|
Batting: RHB Alex Taveras
|
0-0: Called Strike 0-1: Foul Ball, location: 2F 0-2: Ground out 4-3 (Groundball, 4, EV 86.9 MPH)
|
| Top of the 2nd over - 0 runs, 1 hit, 0 errors, 1 left on base; Knoxville 1 - Charlotte 0 |
| BOTTOM OF THE 2ND |
|
Charlotte Hornets batting - Pitching for Knoxville Blue Jays : RHP Randy Bockus
|
|
Batting: LHB Jesus Diaz
|
0-0: Ball 1-0: Called Strike 1-1: Ball 2-1: Ball 3-1: Base on Balls
|
|
Batting: SHB Jose Mota
|
0-0: Called Strike 0-1: Fly out, F9 (Flyball, 9LM, EV 106.3 MPH)
|
|
Batting: RHB John O'Rear
|
0-0: Ball Jesus Diaz is caught stealing 2nd base 2-4 1-0: Ground out 5-3 (Groundball, 5, EV 89.4 MPH)
|
| Bottom of the 2nd over - 0 runs, 0 hits, 0 errors, 0 left on base; Knoxville 1 - Charlotte 0 |
| TOP OF THE 3RD |
|
Knoxville Blue Jays batting - Pitching for Charlotte Hornets : RHP Timothy Kammeyer
|
|
Batting: RHB Jose Canseco
|
0-0: Ball 1-0: Ground out 6-3 (Groundball, 6, EV 86.3 MPH)
|
|
Batting: RHB Jason Adams
|
0-0: Called Strike 0-1: Called Strike 0-2: SINGLE (Flyball, 8LS, EV 96.9 MPH)
|
|
Batting: RHB Fritzie Connally
|
0-0: Called Strike 0-1: Ball 1-1: Called Strike 1-2: Strikes out looking
|
|
Batting: RHB Miguel Rodriguez
|
0-0: Called Strike 0-1: Ball 1-1: Ball 2-1: Foul Ball, location: 2F 2-2: Foul Ball, location: 2F 2-2: Ball 3-2: Fly out, F2 (Popup, 23F, EV 84.4 MPH)
|
| Top of the 3rd over - 0 runs, 1 hit, 0 errors, 1 left on base; Knoxville 1 - Charlotte 0 |
| BOTTOM OF THE 3RD |
|
Charlotte Hornets batting - Pitching for Knoxville Blue Jays : RHP Randy Bockus
|
|
Batting: RHB Richard Bradley
|
0-0: Ball 1-0: Ground out 6-3 (Groundball, 56D, EV 98.1 MPH)
|
|
Batting: RHB Charles Stafford
|
0-0: Foul Ball, location: 2F 0-1: Ball 1-1: Called Strike 1-2: Foul Ball, location: 2F 1-2: Strikes out swinging
|
|
Batting: RHB Juan Bonilla
|
0-0: Ball 1-0: Ball 2-0: Fly out, F9 (Flyball, 9, EV 88.1 MPH)
|
| Bottom of the 3rd over - 0 runs, 0 hits, 0 errors, 0 left on base; Knoxville 1 - Charlotte 0 |
| TOP OF THE 4TH |
|
Knoxville Blue Jays batting - Pitching for Charlotte Hornets : RHP Timothy Kammeyer
|
|
Batting: RHB Alex Villalobos
|
0-0: Ball 1-0: Called Strike 1-1: Ball 2-1: Ball 3-1: Ground out 5-3 (Groundball, 5S, EV 90.0 MPH)
|
|
Batting: SHB Butch Wynegar
|
0-0: Foul Ball, location: 2F 0-1: Foul Ball, location: 2F 0-2: Strikes out swinging
|
|
Batting: RHB Eugene Pallavicini
|
0-0: Fly out, F3 (Popup, 3F, EV 65.6 MPH)
|
| Top of the 4th over - 0 runs, 0 hits, 0 errors, 0 left on base; Knoxville 1 - Charlotte 0 |
| BOTTOM OF THE 4TH |
|
Charlotte Hornets batting - Pitching for Knoxville Blue Jays : RHP Randy Bockus
|
|
Batting: RHB Ron Johnson
|
0-0: Foul Ball, location: 2F 0-1: Ball 1-1: Ground out 6-3 (Groundball, 6, EV 85.0 MPH)
|
|
Batting: RHB Tom Romano
|
0-0: Ball 1-0: Foul Ball, location: 2F 1-1: Foul Ball, location: 2F 1-2: Foul Ball, location: 2F 1-2: Strikes out swinging
|
|
Batting: RHB Alvaro Espinoza
|
0-0: Ground out U3 (Groundball, 34, EV 102.5 MPH)
|
| Bottom of the 4th over - 0 runs, 0 hits, 0 errors, 0 left on base; Knoxville 1 - Charlotte 0 |
| TOP OF THE 5TH |
|
Knoxville Blue Jays batting - Pitching for Charlotte Hornets : RHP Timothy Kammeyer
|
|
Batting: RHB Jerry Royster
|
0-0: Ball 1-0: Fly out, F8 (Flyball, 78M, EV 96.3 MPH)
|
|
Batting: RHB Alex Taveras
|
0-0: Ball 1-0: Swinging Strike 1-1: Ground out 6-3 (Groundball, 6, EV 86.9 MPH)
|
|
Batting: RHB Jose Canseco
|
0-0: SINGLE (Groundball, 4MD, EV 95.0 MPH)
|
|
Batting: RHB Jason Adams
|
0-0: Ball 1-0: Ball 2-0: Swinging Strike 2-1: Foul Ball, location: 2F 2-2: Ball 3-2: Base on Balls Jose Canseco to second
|
|
Batting: RHB Fritzie Connally
|
0-0: Ball 1-0: Ground out U3 (Groundball, 3, EV 81.9 MPH)
|
| Top of the 5th over - 0 runs, 1 hit, 0 errors, 2 left on base; Knoxville 1 - Charlotte 0 |
| BOTTOM OF THE 5TH |
|
Charlotte Hornets batting - Pitching for Knoxville Blue Jays : RHP Randy Bockus
|
|
Batting: LHB Jesus Diaz
|
0-0: Swinging Strike 0-1: Swinging Strike 0-2: Ball 1-2: SINGLE (Flyball, 3D, EV 91.9 MPH)
|
|
Batting: SHB Jose Mota
|
0-0: Ball 1-0: Fly out, F8 (Line Drive, 8RD, EV 103.1 MPH)
|
|
Batting: RHB John O'Rear
|
0-0: Ball 1-0: Called Strike 1-1: Ball 2-1: Foul Ball, location: 2F 2-2: Foul Ball, location: 2F 2-2: Ball 3-2: Fly out, F8 (Line Drive, 8LM, EV 102.5 MPH)
|
|
Batting: RHB Richard Bradley
|
0-0: Ball 1-0: Ball 2-0: Foul Ball, location: 2F 2-1: Ball 3-1: Fly out, F4 (Popup, 4S, EV 60.6 MPH)
|
| Bottom of the 5th over - 0 runs, 1 hit, 0 errors, 1 left on base; Knoxville 1 - Charlotte 0 |
| TOP OF THE 6TH |
|
Knoxville Blue Jays batting - Pitching for Charlotte Hornets : RHP Timothy Kammeyer
|
|
Batting: RHB Miguel Rodriguez
|
0-0: Called Strike 0-1: Ball 1-1: Ball 2-1: Fly out, F8 (Flyball, 8RD, EV 97.5 MPH)
|
|
Batting: RHB Alex Villalobos
|
0-0: Fly out, F9 (Flyball, 9LS, EV 88.1 MPH)
|
|
Batting: SHB Butch Wynegar
|
0-0: Fly out, F9 (Flyball, 89M, EV 91.3 MPH)
|
| Top of the 6th over - 0 runs, 0 hits, 0 errors, 0 left on base; Knoxville 1 - Charlotte 0 |
| BOTTOM OF THE 6TH |
|
Charlotte Hornets batting - Pitching for Knoxville Blue Jays : RHP Randy Bockus
|
|
Batting: RHB Charles Stafford
|
0-0: Swinging Strike 0-1: Foul Ball, location: 2F 0-2: Ball 1-2: SINGLE (Groundball, 6S, EV 68.1 MPH) (infield hit)
|
|
Batting: RHB Juan Bonilla
|
0-0: Foul Ball, location: 2F 0-1: Ball 1-1: Foul Ball, location: 2F 1-2: Grounds into double play, 5-4-3 (Groundball, 56S, EV 85.6 MPH)
|
|
Batting: RHB Ron Johnson
|
0-0: Ball 1-0: Called Strike 1-1: Foul Ball, location: 2F 1-2: SINGLE (Line Drive, 9LS, EV 106.3 MPH)
|
|
Batting: RHB Tom Romano
|
0-0: Fly out, F8 (Flyball, 8LM, EV 86.3 MPH)
|
| Bottom of the 6th over - 0 runs, 2 hits, 0 errors, 1 left on base; Knoxville 1 - Charlotte 0 |
| TOP OF THE 7TH |
|
Knoxville Blue Jays batting - Pitching for Charlotte Hornets : RHP Timothy Kammeyer
|
|
Batting: RHB Eugene Pallavicini
|
0-0: Fly out, F7 (Line Drive, 7, EV 91.3 MPH)
|
|
Batting: RHB Jerry Royster
|
0-0: Swinging Strike 0-1: Foul Ball, location: 2F 0-2: Foul Ball, location: 2F 0-2: Ground out 5-3 (Groundball, 56, EV 86.3 MPH)
|
|
Batting: RHB Alex Taveras
|
0-0: Foul Ball, location: 2F 0-1: Called Strike 0-2: Foul Ball, location: 2F 0-2: Ball 1-2: Foul Ball, location: 2F 1-2: Ground out 5-3 (Groundball, 56, EV 89.4 MPH)
|
| Top of the 7th over - 0 runs, 0 hits, 0 errors, 0 left on base; Knoxville 1 - Charlotte 0 |
| BOTTOM OF THE 7TH |
|
Charlotte Hornets batting - Pitching for Knoxville Blue Jays : RHP Randy Bockus
|
|
Batting: RHB Alvaro Espinoza
|
0-0: DOUBLE (Flyball, 8LD, EV 98.1 MPH)
|
|
Batting: LHB Jesus Diaz
|
0-0: Ball 1-0: Swinging Strike 1-1: Foul Ball, location: 2F 1-2: Foul Ball, location: 2F 1-2: Foul Ball, location: 2F 1-2: Foul Ball, location: 2F 1-2: 2-RUN HOME RUN (Flyball, 9LD, EV 88.1 MPH), Distance : 340 ft
|
|
Batting: SHB Jose Mota
|
0-0: Ball 1-0: Called Strike 1-1: Called Strike 1-2: Strikes out swinging
|
|
Batting: RHB John O'Rear
|
0-0: Ground out 3-1 (Groundball, 34, EV 78.1 MPH)
|
|
Batting: RHB Richard Bradley
|
0-0: Ball 1-0: Called Strike 1-1: Swinging Strike 1-2: Strikes out swinging
|
| Bottom of the 7th over - 2 runs, 2 hits, 0 errors, 0 left on base; Knoxville 1 - Charlotte 2 |
| TOP OF THE 8TH |
|
Knoxville Blue Jays batting - Pitching for Charlotte Hornets : RHP Timothy Kammeyer
|
|
Pitching: LHP Jerry Veale
|
|
|
Batting: RHB Jose Canseco
|
0-0: Fly out, F7 (Flyball, 78S, EV 91.3 MPH)
|
|
Batting: RHB Jason Adams
|
0-0: Fly out, F8 (Flyball, 8LM, EV 88.1 MPH)
|
|
Batting: RHB Fritzie Connally
|
0-0: Foul Ball, location: 2F 0-1: Ball 1-1: Ball 2-1: Called Strike 2-2: Ball 3-2: Foul Ball, location: 2F 3-2: SOLO HOME RUN (Flyball, 78XD, EV 100.0 MPH), Distance : 402 ft
|
|
Batting: RHB Miguel Rodriguez
|
0-0: SINGLE (Groundball, 34D, EV 100.6 MPH)
|
|
Batting: RHB Alex Villalobos
|
0-0: Ball 1-0: Single, Error in OF, E8, batter to second base (Groundball, 4MD, EV 109.4 MPH) Miguel Rodriguez to third
|
|
Batting: SHB Butch Wynegar
|
0-0: Ball 1-0: Swinging Strike 1-1: Ball 2-1: Called Strike 2-2: Ground out 1-3 (Groundball, 15S, EV 71.3 MPH)
|
| Top of the 8th over - 1 run, 3 hits, 1 error, 2 left on base; Knoxville 2 - Charlotte 2 |
| BOTTOM OF THE 8TH |
|
Charlotte Hornets batting - Pitching for Knoxville Blue Jays : RHP Randy Bockus
|
|
Batting: RHB Charles Stafford
|
0-0: SINGLE (Groundball, 6MS, EV 70.0 MPH) (infield hit)
|
|
Batting: RHB Juan Bonilla
|
0-0: Ball 1-0: Ball 2-0: Called Strike 2-1: Ball 3-1: Fielders Choice at 2nd, 2-4 (Groundball, 15S, EV 70.0 MPH)
|
|
Batting: RHB Ron Johnson
|
0-0: Fly out, F9 (Line Drive, 9, EV 93.8 MPH)
|
|
Batting: RHB Tom Romano
|
0-0: Fly out, F4 (Popup, 4, EV 62.5 MPH)
|
| Bottom of the 8th over - 0 runs, 1 hit, 0 errors, 1 left on base; Knoxville 2 - Charlotte 2 |
| TOP OF THE 9TH |
|
Knoxville Blue Jays batting - Pitching for Charlotte Hornets : LHP Jerry Veale
|
|
Batting: RHB Eugene Pallavicini
|
0-0: Swinging Strike 0-1: Fly out, F9 (Flyball, 9S, EV 90.6 MPH)
|
|
Batting: RHB Jerry Royster
|
0-0: Swinging Strike 0-1: Ball 1-1: Ball 2-1: Ball 3-1: Base on Balls
|
|
Batting: RHB Alex Taveras
|
0-0: Ball 1-0: Swinging Strike 1-1: Ball 2-1: Sac Bunt to 2L - play at first, batter OUT! 2-4 Jerry Royster to second
|
|
Batting: RHB Jose Canseco
|
0-0: Fly out, F8 (Flyball, 8RD, EV 97.5 MPH)
|
| Top of the 9th over - 0 runs, 0 hits, 0 errors, 1 left on base; Knoxville 2 - Charlotte 2 |
| BOTTOM OF THE 9TH |
|
Charlotte Hornets batting - Pitching for Knoxville Blue Jays : RHP Randy Bockus
|
|
Batting: RHB Alvaro Espinoza
|
0-0: Ball 1-0: Called Strike 1-1: Ball 2-1: SINGLE (Line Drive, 4MD, EV 105.6 MPH)
|
|
Batting: LHB Jesus Diaz
|
0-0: Bunt missed! 0-1: Ball 1-1: Ball 2-1: Bunt missed! 2-2: Strikes out swinging
|
|
Pinch Hitting: RHB Barry Lyons
|
0-0: Called Strike 0-1: Grounds into double play, 5-4-3 (Groundball, 5L, EV 86.3 MPH)
|
| Bottom of the 9th over - 0 runs, 1 hit, 0 errors, 0 left on base; Knoxville 2 - Charlotte 2 |
| TOP OF THE 10TH |
|
Knoxville Blue Jays batting - Pitching for Charlotte Hornets : LHP Jerry Veale
|
|
Pitching: RHP Jorge Solano
|
|
|
Now in RF: Richard Berg
|
|
|
Batting: RHB Jason Adams
|
0-0: Ball 1-0: Ball 2-0: Swinging Strike 2-1: Ball 3-1: Foul Ball, location: 2F 3-2: SINGLE (Line Drive, 5D, EV 95.6 MPH)
|
|
Batting: RHB Fritzie Connally
|
0-0: Called Strike 0-1: Foul Ball, location: 2F 0-2: 2-RUN HOME RUN (Flyball, 78XD, EV 98.8 MPH), Distance : 407 ft
|
|
Batting: RHB Miguel Rodriguez
|
0-0: Ball 1-0: Called Strike 1-1: Ball 2-1: Ground out 3-1 (Groundball, 34S, EV 81.9 MPH)
|
|
Batting: RHB Alex Villalobos
|
0-0: SINGLE (Line Drive, 4D, EV 97.5 MPH)
|
|
Batting: SHB Butch Wynegar
|
0-0: Ball 1-0: Foul Ball, location: 2F 1-1: Swinging Strike Alex Villalobos steals 2nd base 1-2: Ball 2-2: Foul Ball, location: 2F 2-2: Ball 3-2: Foul Ball, location: 2F 3-2: Base on Balls
|
|
Batting: RHB Eugene Pallavicini
|
0-0: Ball 1-0: Ball 2-0: DOUBLE (Flyball, 8LXD, EV 97.5 MPH) Alex Villalobos scores Butch Wynegar to third Runner from 3rd tries for Home, SAFE, no throw by CF
|
|
Pitching: RHP Charles Hatcher
|
|
|
Batting: RHB Jerry Royster
|
0-0: Ball 1-0: Foul Ball, location: 2F 1-1: Foul Ball, location: 2F 1-2: Foul Ball, location: 2F 1-2: 2-RUN HOME RUN (Line Drive, 7D, EV 105.6 MPH), Distance : 370 ft
|
|
Batting: RHB Alex Taveras
|
0-0: Foul Ball, location: 2F 0-1: Ball 1-1: Swinging Strike 1-2: Foul Ball, location: 2F 1-2: Ball 2-2: Strikes out looking
|
|
Batting: RHB Jose Canseco
|
0-0: Swinging Strike 0-1: Ball 1-1: Fly out, F8 (Flyball, 78M, EV 85.6 MPH)
|
| Top of the 10th over - 6 runs, 5 hits, 0 errors, 0 left on base; Knoxville 8 - Charlotte 2 |
| BOTTOM OF THE 10TH |
|
Charlotte Hornets batting - Pitching for Knoxville Blue Jays : RHP Randy Bockus
|
|
Batting: RHB John O'Rear
|
0-0: SINGLE (Line Drive, 56D, EV 98.1 MPH)
|
|
Batting: RHB Richard Bradley
|
0-0: Called Strike 0-1: Ball Wild Pitch! John O'Rear to second 1-1: Ball 2-1: Fly out, F7 (Line Drive, 7, EV 91.9 MPH)
|
|
Batting: RHB Charles Stafford
|
0-0: Ground out 4-3 (Groundball, 4, EV 81.9 MPH) John O'Rear to third
|
|
Batting: RHB Juan Bonilla
|
0-0: Called Strike 0-1: SINGLE (Groundball, 56D, EV 108.1 MPH) John O'Rear scores
|
|
Batting: RHB Ron Johnson
|
0-0: Called Strike 0-1: Foul Ball, location: 2F 0-2: Foul Ball, location: 2F 0-2: Ball 1-2: Ball 2-2: Fly out, F9 (Flyball, 89XD, EV 96.9 MPH)
|
| Bottom of the 10th over - 1 run, 2 hits, 0 errors, 1 left on base; Knoxville 8 - Charlotte 3 |
|